[Event "Late-Titled-Tuesday-Blitz-October-24-2023"]
[Site "Chess.com"]
[Date "2023.10.24"]
[Round "10"]
[White "aghasiyevkamal"]
[Black "Chessdreamer2020"]
[Result "0-1"]
[WhiteElo "2582"]
[BlackElo "2509"]
[TimeControl "180+1"]
[EndTime "15:56:04 PDT"]
[Termination "Chessdreamer2020 won by resignation"]

1. d4 d6 2. Nf3 Bg4 3. c4 Bxf3 4. exf3 g6 5. Qb3 Qc8 6. Nc3 Bg7 7. Be3 e6 8. Be2 Ne7 9. O-O O-O 10. Rac1 Nf5 11.
d5 e5 12. Ne4 b6 13. Qa4 a5 14. Bd1 Na6 15. Qa3 Nc5 16. Ba4 Nxe4 17. fxe4 Nxe3 18.
Qxe3 Qg4 19. Bc6 Rad8 20. a3 f5 21. Rce1 fxe4 22. g3 Rf3 23. Qxe4 Qxe4 24. Rxe4 Rb3 25. Re2 Rf8 26. Ba4 Rd3 27. Rd1 Rxd1+ 28. Bxd1 Rf3 29. Bc2 Bh6 30. Kg2 Rf8 31. Be4 Kf7 32. h4 Kf6 33.
Rc2 Rg8 34. Rc3 Bd2 35. Rd3 Bc1 36. b4 axb4 37. axb4 Ra8 38. c5 Ba3 39. cxb6 cxb6 40.
b5 Bc5 41. Rf3+ Kg7 42. h5 Ra4 43. Bc2 Rc4 44. Bb1 Rb4 45. Bc2 Rxb5 46. hxg6 hxg6 47. Rc3 Rb2 48. Kh3 b5 49. f4 b4 50. Rc4 b3 51.
Be4 exf4 52. gxf4 Re2 0-1

[Event "Late-Titled-Tuesday-Blitz-October-24-2023"]
[Site "Chess.com"]
[Date "2023.10.24"]
[Round "10"]
[White "C_K_G"]
[Black "expii"]
[Result "0-1"]
[WhiteElo "1934"]
[BlackElo "2215"]
[TimeControl "180+1"]
[EndTime "15:56:05 PDT"]
[Termination "expii won on time"]

1. e4 c5 2. Nf3 d6 3. d4 cxd4 4. Nxd4 Nf6 5. Nc3 g6 6. f4 Nc6 7. Bb5 Bd7 8. O-O Bg7 9. Bxc6 bxc6 10. e5 Nd5 11. exd6 Nxc3 12. bxc3 exd6 13. Re1+ Kf8 14. Ba3 c5 15. Nf3 Be6 16. Re3 Qc7 17. Ng5 Re8 18.
Nxe6+ fxe6 19. Qg4 Kf7 20. Rae1 Qd7 21. h4 h5 22. Qf3 Bf6 23. g3 Re7 24. Kg2 Rc8 25. c4 Qc6 26. Re4 Qa4 27. R1e2 Rce8 28. Bc1 Qxa2 29. Qd3 Qa1 30. Be3 Qc3 31. Qd1 Rd8 32. Bd2 Qa1 33. Bc1 Qa4 34. f5 exf5 35. Rxe7+ Bxe7 36.
Rxe7+ Kxe7 37. Bg5+ Kd7 38. Bxd8 Qc6+ 39. Kh2 Kxd8 40.
Qd3 Kc7 0-1

[Event "Late-Titled-Tuesday-Blitz-October-24-2023"]
[Site "Chess.com"]
[Date "2023.10.24"]
[Round "10"]
[White "FedaMaster"]
[Black "MatthewG-p4p"]
[Result "1-0"]
[WhiteElo "2691"]
[BlackElo "2894"]
[TimeControl "180+1"]
[EndTime "15:56:07 PDT"]
[Termination "FedaMaster won by resignation"]

1. e4 c5 2. d4 cxd4 3. c3 g6 4. Nf3 Bg7 5. Bc4 e6 6. cxd4 d5 7. exd5 exd5 8. Bb5+ Bd7 9. Bxd7+ Nxd7 10. O-O Ne7 11. Re1 O-O 12. Nc3 Re8 13. Bg5 Nf6 14. Ne5 Nf5 15. g4 Ne7 16. Qf3 Qd6 17. Nb5 Qb6 18. Bxf6 Qxf6 19. Qxf6 Bxf6 20. Nc7 Red8 21. Nxa8 Rxa8 22. Rac1 Nc6 23. Nxc6 bxc6 24. Rxc6 Bxd4 25. b4 Rb8 26. a3 Bb6 27. Rd6 d4 28. Re7 Rc8 29.
Rdd7 Rc2 30. Rxf7 d3 31. Rg7+ Kf8 32. Rxh7 Kg8 33. Rhg7+ Kf8 34. Rgf7+ Kg8 35. Rf3 d2 36. Rfd3 Bxf2+ 37. Kf1 Be1 38. Rxa7 Rc8 39. Rad7 Rc1 40. Ke2 Kf8 41. Rxd2 Bxd2 42. Rxd2 Rh1 43. Kd3 Ra1 44. Kc4 Rxa3 45. b5 Ke7 46. b6 Ra1 47. Rb2 Rc1+ 48. Kd4 Rd1+ 49. Ke5 Rd8 50. b7 Rb8 51. g5 1-0

[Event "Late-Titled-Tuesday-Blitz-October-24-2023"]
[Site "Chess.com"]
[Date "2023.10.24"]
[Round "10"]
[White "Alexei_Gubajdullin"]
[Black "meoluoi91"]
[Result "1-0"]
[WhiteElo "2724"]
[BlackElo "2601"]
[TimeControl "180+1"]
[EndTime "15:56:07 PDT"]
[Termination "Alexei_Gubajdullin won on time"]

1. d4 d5 2. Nf3 Nf6 3. Bf4 e6 4.
e3 Bd6 5. Bg3 c5 6. Nbd2 Qc7 7.
c3 b6 8. Bd3 Bb7 9. Ne5 Nbd7 10. f4 O-O 11. Qf3 a6 12. O-O Ne8 13. Bh4 g6 14.
Qh3 f5 15. g4 Ndf6 16. gxf5 exf5 17. Rf2 Ne4 18. Rg2 Ng7 19. Ndf3 cxd4 20. cxd4 Rac8 21. Kh1 b5 22. Rag1 Bc6 23. Bxe4 dxe4 24. Ng5 Bxe5 25. fxe5 Be8 26. Nxh7 f4 27. Nxf8 Kxf8 28. Bf6 Nh5 29.
Qxh5 gxh5 30. Rg8+ Kf7 31. R1g7+ Ke6 32. Rxc7 Rxc7 33.
Rxe8+ Kf5 34. exf4 e3 35. Kg2 Ke4 36. e6 Rc2+ 37. Kh3 Kf3 38. e7 Rc6 39. Bh4 Re6 40. Rf8 1-0

[Event "Late-Titled-Tuesday-Blitz-October-24-2023"]
[Site "Chess.com"]
[Date "2023.10.24"]
[Round "10"]
[White "MaxLeto"]
[Black "PushingpawnsNYC"]
[Result "0-1"]
[WhiteElo "2541"]
[BlackElo "2375"]
[TimeControl "180+1"]
[EndTime "15:56:09 PDT"]
[Termination "PushingpawnsNYC won on time"]

1. g4 d5 2. Bg2 c5 3. h3 Nc6 4. c4 d4 5. d3 e5 6. Nd2 g6 7. Ne4 h6 8. Nf3 Nf6 9. Nxf6+ Qxf6 10.
Nd2 Bg7 11. Ne4 Qe7 12. Qa4 O-O 13. Qb5 Nb4 14. Kd1 b6 15. a3 Bd7 16. Qxd7 Qxd7 17. axb4 cxb4 18. Bd2 a5 19. Ng3 Rad8 20. Bd5 Kh7 21.
f3 Qe7 22. h4 f5 23. h5 g5 24. Nxf5 Qc5 25. Be4 Kh8 26. b3 Rf7 27. Ke1 Ra7 28. Kf2 b5 29. Rhc1 a4 30. cxb5 Qxb5 31. Rc4 Bf8 32.
bxa4 Rxa4 33. Rb1 b3 34. Rc6 b2 35. Nxh6 Ra1 36. Nf7+ Kg7 37. Nxg5 Qxc6 38. Bxc6 Rxb1 39. Ne6+ Kf7 40. Nxd8+ Ke7 41. Nb7 Rf1+ 42. Kxf1 b1=Q+ 43. Kf2 Qc2 44. Be1 Qxc6 45. Na5 Qc1 0-1

[Event "Late-Titled-Tuesday-Blitz-October-24-2023"]
[Site "Chess.com"]
[Date "2023.10.24"]
[Round "10"]
[White "venturov"]
[Black "AsselLesbekova"]
[Result "0-1"]
[WhiteElo "2472"]
[BlackElo "2314"]
[TimeControl "180+1"]
[EndTime "15:56:09 PDT"]
[Termination "AsselLesbekova won by checkmate"]

1. e4 e5 2. Bc4 Nf6 3. Nc3 Nxe4 4. Qh5 Nd6 5. Bb3 Nc6 6. Nb5 g6 7. Qf3 f5 8. Qd5 Qe7 9. Nxc7+ Kd8 10. Nxa8 b6 11.
d3 Bb7 12. Nf3 Nd4 13. Bg5 Nxf3+ 14. Qxf3 Qxg5 15. Bd5 e4 16. dxe4 fxe4 17. Qb3 Qxd5 18. Qc3 Rg8 19. Rd1 Qc6 20. Qb3 Rg7 21. Qe3 Bxa8 22. O-O Nf5 23. Qh3 Bc5 24. Kh1 e3 25. fxe3 Nxe3 26. Rfe1 Qxg2+ 27. Qxg2 Nxg2 28. Re3 Bxe3 29. h3 Nh4+ 30. Kh2 Bf4+ 31. Kg1 Nf3+ 32. Kf2 g5 33.
Rd4 h5 34. Ra4 a5 35. b4 Re7 36. bxa5 bxa5 37. Rxa5 Bc6 38. a4 Nd4 39. Ra7 Re2+ 40. Kf1 Bg2+ 41. Kg1 Nf3# 0-1

[Event "Late-Titled-Tuesday-Blitz-October-24-2023"]
[Site "Chess.com"]
[Date "2023.10.24"]
[Round "10"]
[White "Tunahan_Makaraci"]
[Black "YellowJacek"]
[Result "0-1"]
[WhiteElo "2406"]
[BlackElo "2331"]
[TimeControl "180+1"]
[EndTime "15:56:10 PDT"]
[Termination "YellowJacek won on time"]

1. e4 e5 2. Nc3 Nf6 3. f4 d5 4.
fxe5 Nxe4 5. Qf3 Nxc3 6. dxc3 Be6 7. Bf4 Qd7 8. Be2 Qa4 9. b3 Qa3 10. Bc1 Qc5 11. Bb2 Nc6 12. Qg3 O-O-O 13. Nf3 Be7 14.
O-O-O h6 15. Nd4 Nxd4 16. cxd4 Qa5 17. Kb1 g6 18. Bg4 Qb6 19. Rhf1 h5 20. Bh3 Kb8 21. Qd3 Rdf8 22. Bxe6 Qxe6 23. c4 f5 24. exf6 Bxf6 25. Qxg6 dxc4 26. d5 Qe2 27. Bxf6 cxb3 28.
axb3 Rhg8 29. Qc2 Qa6 30. Qd3 Rxf6 31. Qxa6 Rxa6 32. Rf2 Rd6 33. Rdd2 b6 34. Rf5 h4 35. Rh5 Rg4 36. Kc2 Kb7 37. Kc3 a5 38. Re2 b5 39.
Rd2 Kb6 40. Re2 Kc5 41. Re7 Kb6 42. Re2 Kc5 43. Re7 b4+ 44. Kd3 Rxd5+ 0-1

[Event "Late-Titled-Tuesday-Blitz-October-24-2023"]
[Site "Chess.com"]
[Date "2023.10.24"]
[Round "10"]
[White "Vamostodorecto"]
[Black "Karttunen"]
[Result "1/2-1/2"]
[WhiteElo "2460"]
[BlackElo "2570"]
[TimeControl "180+1"]
[EndTime "15:56:12 PDT"]
[Termination "Game drawn by repetition"]

1. e4 e5 2. Bc4 Nf6 3. d4 exd4 4. Nf3 d5 5. exd5 Bb4+ 6. c3 dxc3 7. bxc3 Be7 8. O-O O-O 9. Re1 Bf5 10. Nd4 Bg4 11. f3 Bc8 12. Bg5 Nxd5 13. Bxd5 Bxg5 14. Bb3 c5 15. Nb5 Qxd1 16. Rxd1 Nc6 17. Nc7 Rb8 18.
Nd2 b5 19. Ne4 Be3+ 20. Kh1 c4 21. Bc2 f5 22. Nd6 a6 23. a4 b4 24. Nxc4 Bf4 25.
Nd5 Bg5 26. cxb4 Nxb4 27. Nxb4 Rxb4 28. Nd6 Be6 29. Re1 Rf6 30. Rab1 Bd2 31. Rxb4 Bxb4 32.
Rxe6 Rxe6 33. Bb3 Bxd6 34. Bxe6+ Kf8 35. Bxf5 h6 36. Bd3 a5 37. Bb5 Bb4 38. g3 Ke7 39.
Kg2 Kf6 40. f4 g5 41. Kf3 gxf4 42. Kxf4 Bd6+ 43. Kg4 Be5 44. Bd3 Bd6 45. h4 Be5 46. Kf3 Bc3 47. g4 Bd2 48. Kg3 Bc1 49. Kf3 Bd2 50. Bb5 Be1 51. h5 Kg5 52. Bd7 Bb4 53.
Bf5 Bc3 54. Bd7 Bb4 55. Bf5 Bc3 56. Bd7 Bb4 1/2-1/2

[Event "Late-Titled-Tuesday-Blitz-October-24-2023"]
[Site "Chess.com"]
[Date "2023.10.24"]
[Round "10"]
[White "Kirill_Klukin"]
[Black "Zhbugnoimt"]
[Result "1-0"]
[WhiteElo "2633"]
[BlackElo "2535"]
[TimeControl "180+1"]
[EndTime "15:56:14 PDT"]
[Termination "Kirill_Klukin won on time"]

1. d4 Nf6 2. c4 e6 3. Nc3 Bb4 4.
e3 O-O 5. Bd2 c6 6. Nf3 d5 7.
Bd3 b6 8. O-O Bb7 9. Qc2 Nbd7 10. a3 Bxc3 11. Bxc3 dxc4 12. Bxc4 c5 13. Rfd1 Qe7 14.
dxc5 Nxc5 15. Bb4 Rac8 16. Qe2 Nfe4 17. Rac1 Nd6 18. Ba2 Ba6 19. Qd2 Nde4 20. Qe1 Qf6 21. Bb1 Rfe8 22. Nd4 e5 23. Ne2 Rcd8 24. Nc3 Nxc3 25.
Qxc3 Rc8 26. Qe1 e4 27. Bxc5 bxc5 28. Qc3 Qb6 29. h3 g6 30. Rd2 Rcd8 31. Rxd8 Rxd8 32. Bxe4 c4 33. Bf3 Rb8 34. Rc2 h5 35. Rd2 Rd8 36. Rxd8+ Qxd8 37. Qd4 Qb8 38. Bd5 Qb5 39. g4 hxg4 40. hxg4 c3 41. bxc3 Qf1+ 42. Kh2 Qxf2+ 43. Bg2 1-0

[Event "Late-Titled-Tuesday-Blitz-October-24-2023"]
[Site "Chess.com"]
[Date "2023.10.24"]
[Round "10"]
[White "eljanov"]
[Black "Bauman_Guy"]
[Result "1-0"]
[WhiteElo "2840"]
[BlackElo "2914"]
[TimeControl "180+1"]
[EndTime "15:56:15 PDT"]
[Termination "eljanov won by resignation"]

1. d4 Nf6 2. Bf4 b6 3. Nf3 Bb7 4. e3 g6 5. c4 Bg7 6. Nc3 d6 7. h3 O-O 8. Be2 Nfd7 9. Bg5 Nc6 10. O-O h6 11. Bh4 g5 12. Bg3 e5 13. d5 Ne7 14. e4 a5 15. Nd2 Ng6 16. Bg4 Nf6 17. Re1 Nf4 18. Nf1 Nxg4 19. hxg4 h5 20. gxh5 Bc8 21. Ne3 f6 22. Bxf4 gxf4 23. Nf5 Bxf5 24. exf5 Kf7 25. h6 Bh8 26. Qh5+ Ke7 27. h7 Qe8 28.
Qxe8+ Raxe8 29. g4 fxg3 30. Kg2 Rf7 31. Rh1 gxf2 32. Kxf2 Kd7 33. Rag1 Rg7 34. Rxg7+ Bxg7 35. Rg1 Bh8 36. Rg8 Ke7 37. Ne4 Kf7 38. Rxe8 Kxe8 39. Ng3 Kd7 40. Ke3 c6 41. Ke4 b5 42. dxc6+ Kxc6 43. cxb5+ Kxb5 44. Kd5 Kb4 45. Kxd6 Kc4 46. Ke6 Kd3 47.
Kf7 e4 48. Kg8 1-0

[Event "Late-Titled-Tuesday-Blitz-October-24-2023"]
[Site "Chess.com"]
[Date "2023.10.24"]
[Round "10"]
[White "TigrVShlyape"]
[Black "Meri-Arabidze"]
[Result "1-0"]
[WhiteElo "2833"]
[BlackElo "2627"]
[TimeControl "180+1"]
[EndTime "15:56:15 PDT"]
[Termination "TigrVShlyape won by resignation"]

1. e4 c5 2. Nf3 e6 3. d4 cxd4 4. Nxd4 Nc6 5. Nc3 Qc7 6. Be3 a6 7. Qf3 Nf6 8. Qg3 Qxg3 9. hxg3 Bb4 10. f3 d5 11. Nxc6 bxc6 12. e5 Nd7 13. f4 c5 14.
Bd2 Bb7 15. a3 Ba5 16. b4 Bd8 17. Na4 Be7 18. Be2 Bc6 19. Nxc5 Bxc5 20. bxc5 Nxc5 21. Be3 Ne4 22. Rh3 Bb5 23. Bd3 Kd7 24. a4 Bc6 25. g4 h6 26. Bd4 Rhb8 27. a5 Rb4 28. c3 Rb2 29. Bxe4 dxe4 30. Kf1 e3 31. Rxe3 Bxg2+ 32. Kg1 Bd5 33. c4 Bc6 34. Bxb2 Rb8 35. Ba3 h5 36.
gxh5 Rh8 37. Rd1+ Kc8 38. Rd6 Kc7 39. Rxc6+ Kxc6 40. Rh3 Rh6 41. Kg2 f6 42. Bf8 Rh7 43. Kg3 f5 44. Kh4 Rh8 45. Bxg7 Rg8 46. h6 1-0

[Event "Late-Titled-Tuesday-Blitz-October-24-2023"]
[Site "Chess.com"]
[Date "2023.10.24"]
[Round "10"]
[White "SlippperyWhenWet"]
[Black "Mariia89"]
[Result "1/2-1/2"]
[WhiteElo "2336"]
[BlackElo "2199"]
[TimeControl "180+1"]
[EndTime "15:56:15 PDT"]
[Termination "Game drawn by repetition"]

1. e4 c6 2. e5 d5 3. exd6 Qxd6 4. Nc3 Nf6 5. Bc4 Bg4 6. Nf3 e6 7. h3 Bh5 8. d4 Nbd7 9. Be3 Nb6 10. Bd3 Nbd5 11.
Nxd5 Nxd5 12. Bg5 Be7 13. Bxe7 Qxe7 14. g3 Qf6 15. Be2 O-O-O 16. Ne5 Bxe2 17. Qxe2 h5 18. O-O-O h4 19. Kb1 hxg3 20. fxg3 Qe7 21. Rhf1 Rdf8 22. Rd3 Rxh3 23. Rb3 Rh6 24. Nxc6 Qd6 25. Nxa7+ Kb8 26. Qb5 Nb6 27. Qxb6 Qxb6 28. Rxb6 Kxa7 29. Rb3 Rh2 30. Rbf3 f6 31. Re3 Rd8 32. c3 Rd6 33. Rfe1 e5 34.
Re4 Rg2 35. g4 exd4 36. cxd4 Rc6 37. R1e2 Rg1+ 38. Re1 Rg2 39. R1e2 Rg1+ 40. Re1 Rg2 1/2-1/2

[Event "Late-Titled-Tuesday-Blitz-October-24-2023"]
[Site "Chess.com"]
[Date "2023.10.24"]
[Round "10"]
[White "zajka-molotok"]
[Black "Gogolev_Artemy"]
[Result "0-1"]
[WhiteElo "2531"]
[BlackElo "2439"]
[TimeControl "180+1"]
[EndTime "15:56:18 PDT"]
[Termination "Gogolev_Artemy won on time"]

1. e4 c5 2. Nf3 Nc6 3. Bb5 e6 4. c3 Nge7 5. O-O a6 6. Ba4 b5 7.
Bc2 d5 8. d4 cxd4 9. cxd4 dxe4 10. Bxe4 Bb7 11. Nc3 b4 12. Na4 Nd5 13. Bxd5 exd5 14.
Re1+ Be7 15. Nc5 Bc8 16. Qa4 Bd7 17. Nxd7 Qxd7 18. Bg5 f6 19. Bd2 Kf7 20. Rac1 Rhc8 21. Rc2 Qb7 22. Rec1 Na7 23. Bf4 Rxc2 24. Qxc2 Rc8 25.
Qxh7 Rxc1+ 26. Bxc1 Qc8 27. Bd2 Qg4 28. Qd3 Nb5 29.
h3 Qe4 30. Qb3 Nxd4 31. Nxd4 Qxd4 32. Be3 Qc4 33. Qa4 d4 34. Bd2 d3 35. Qd7 Qxa2 36.
Bxb4 Qe6 37. Qxd3 Bxb4 38. g4 Bc5 39. Kg2 Qc6+ 40. f3 Qd6 41. Qc4+ Kg6 42. Qc2+ Kh6 43.
Qc1+ g5 0-1

[Event "Late-Titled-Tuesday-Blitz-October-24-2023"]
[Site "Chess.com"]
[Date "2023.10.24"]
[Round "10"]
[White "APOKALIPSA13"]
[Black "katharinareinecke"]
[Result "1-0"]
[WhiteElo "2212"]
[BlackElo "1897"]
[TimeControl "180+1"]
[EndTime "15:56:18 PDT"]
[Termination "APOKALIPSA13 won on time"]

1. e4 c6 2. Nf3 d5 3. exd5 cxd5 4. d4 Nc6 5. c3 Nf6 6. Bf4 Bg4 7. Qb3 Qc8 8. Ne5 Be6 9. Nd2 g6 10. h4 Bg7 11. Be2 Nxe5 12. dxe5 Nd7 13. Nf3 d4 14. c4 O-O 15. h5 Nc5 16. Qd1 d3 17. Bf1 Bxc4 18.
Rc1 Bxa2 19. b4 Bb3 20. Qd2 Ne4 21. Rxc8 Nxd2 22. Rxf8+ Rxf8 23. Nxd2 Bc2 24. Rh3 f6 25. e6 Rd8 26. h6 Bf8 27. Be3 g5 28. f4 g4 29. Rh4 f5 30. Rh5 Rd5 31. g3 Rb5 32. Kf2 Rxb4 33. Rxf5 Bxh6 34. Rd5 b5 35. Bxd3 Bxd3 36.
Rxd3 Rb2 37. Rd8+ Kg7 38. Bd4+ Kg6 39. Ke3 Rc2 40. Ne4 b4 41. Rg8+ Kh5 42. Rb8 a5 43.
Rb5+ 1-0

[Event "Late-Titled-Tuesday-Blitz-October-24-2023"]
[Site "Chess.com"]
[Date "2023.10.24"]
[Round "10"]
[White "dianamirza"]
[Black "rikchessmx"]
[Result "0-1"]
[WhiteElo "2020"]
[BlackElo "2265"]
[TimeControl "180+1"]
[EndTime "15:56:20 PDT"]
[Termination "rikchessmx won on time"]

1. e4 d5 2. exd5 Qxd5 3. Nc3 Qa5 4. d4 Nf6 5. Bd2 Nc6 6. Nf3 Bg4 7. Bb5 O-O-O 8.
Bxc6 bxc6 9. Ne4 Qb6 10. Nxf6 exf6 11. c3 c5 12. O-O cxd4 13. cxd4 Rxd4 14. Qc2 Bxf3 15.
gxf3 Rd5 16. Rfe1 Bc5 17. Bf4 g5 18. Bg3 f5 19. f4 gxf4 20. Bxf4 Rg8+ 21. Kh1 Qc6 22. f3 Rd4 23. Qxf5+ Kb7 24. Bg3 Rd5 25. Qxf7 Rf8 26. Qxh7 Rdf5 27. Qxc7+ Qxc7 28. Bxc7 Kxc7 29. Rac1 Kb6 30. Re6+ Kb5 31. Kg2 Rxf3 32. a4+ Kxa4 33. Rxc5 Kb3 34. Rb5+ Kc4 35. Rb7 a5 36. Rc6+ Kd5 37.
Ra6 Rf2+ 38. Kg3 R2f3+ 39. Kg4 R3f4+ 40. Kg5 R4f5+ 41. Kg6 Kc4 42. b3+ Kd3 43. Rd6+ Kc3 44.
Rc6+ Kb2 45. b4 a4 46. b5 a3 47. Ra6 a2 48. Rd7 Rf2 49. b6 a1=Q 50. Rxa1 Kxa1 51. b7 Rb8 52. h4 Rg2+ 53. Kh7 Rh2 54. Rd4 Rxb7+ 55. Kg6 Rb6+ 56. Kg5 Rb5+ 57. Kg4 Kb2 58.
h5 Kc3 0-1

[Event "Late-Titled-Tuesday-Blitz-October-24-2023"]
[Site "Chess.com"]
[Date "2023.10.24"]
[Round "10"]
[White "dropstoneDP"]
[Black "Angry_Twin"]
[Result "1-0"]
[WhiteElo "3107"]
[BlackElo "2960"]
[TimeControl "180+1"]
[EndTime "15:56:23 PDT"]
[Termination "dropstoneDP won on time"]

1. e4 c5 2. Nf3 d6 3. d4 cxd4 4.
Nxd4 Nf6 5. Nc3 a6 6. Bd3 e5 7. Nde2 Be7 8. O-O O-O 9. Ng3 Nc6 10. Nd5 Nxd5 11. exd5 Nb4 12. Be4 a5 13. Nf5 Bxf5 14. Bxf5 g6 15. Bh3 f5 16. c3 Na6 17. Be3 Qc7 18.
a4 Bf6 19. Qe2 Nc5 20. Qb5 e4 21. Bxc5 dxc5 22. Rad1 Be5 23. g3 Bd6 24. f3 Rae8 25. fxe4 Rxe4 26. Bg2 Re7 27. Rde1 h5 28. Re6 Rxe6 29.
dxe6 h4 30. Qxb7 hxg3 31. Qxc7 gxh2+ 32. Kh1 Bxc7 33. Bc6 Bd6 34. Rd1 Be7 35. Rd7 Bf6 36.
e7 Re8 37. Rd6 Rxe7 38. Rxf6 Kg7 39. Rd6 Re1+ 40. Kxh2 Re2+ 41. Kg3 Rxb2 42. Kf4 Rc2 43. Be8 Rf2+ 44. Kg3 Rc2 45. Rxg6+ Kf8 46. Bb5 Kf7 47. Ra6 Rxc3+ 48. Kf4 Ke7 49. Kxf5 Re3 50. Kf4 Re1 51. Rc6 Rc1 52. Ke5 Kd8 53. Kd5 1-0

[Event "Late-Titled-Tuesday-Blitz-October-24-2023"]
[Site "Chess.com"]
[Date "2023.10.24"]
[Round "10"]
[White "becemix"]
[Black "mjelcic"]
[Result "1-0"]
[WhiteElo "2350"]
[BlackElo "2139"]
[TimeControl "180+1"]
[EndTime "15:56:24 PDT"]
[Termination "becemix won by resignation"]

1. d4 c6 2. Nc3 g6 3. Bf4 Bg7 4. Nf3 d5 5. e3 Qb6 6. a3 Bf5 7. Bd3 Bxd3 8. cxd3 Qxb2 9. Na4 Qb5 10. O-O Nd7 11. Rb1 Qa6 12. e4 Ngf6 13. e5 Nh5 14.
Bg5 h6 15. Be3 g5 16. Re1 e6 17. Bd2 Bf8 18. Bb4 Nf4 19. Nc5 Bxc5 20. Bxc5 Nxd3 21.
Bd6 Nxe1 22. Qxe1 O-O-O 23. Qc1 Nb6 24. Nd2 Nc4 25. Nxc4 Qxc4 26. Qb2 Qa6 27. Qb3 Rxd6 28. exd6 Rd8 29. Qf3 Rxd6 30. Qxf7 b6 31. Qf8+ Kc7 32.
Qe7+ Rd7 33. Qxe6 Qxa3 34. Qe5+ Qd6 35. Qe2 Kb7 36. Ra1 a5 37. Qb2 c5 38. Rxa5 c4 39. Ra3 Qc6 40. Qa2 Kc7 41. Ra7+ Kd8 42.
Ra8+ Ke7 43. Qe2+ Qe6 44. Re8+ Kxe8 45. Qxe6+ Re7 46. Qc6+ Kf7 47. Qxd5+ Kg6 48. f4 gxf4 49.
Qd6+ Kf7 50. Qxf4+ Kg6 51. Qd6+ Kf7 52. Qxb6 Rd7 53.
Qc5 Re7 54. Qxc4+ 1-0

[Event "Late-Titled-Tuesday-Blitz-October-24-2023"]
[Site "Chess.com"]
[Date "2023.10.24"]
[Round "10"]
[White "dosto07"]
[Black "karinachess1"]
[Result "0-1"]
[WhiteElo "2532"]
[BlackElo "2627"]
[TimeControl "180+1"]
[EndTime "15:56:25 PDT"]
[Termination "karinachess1 won by resignation"]

1. e4 e5 2. Nf3 Nc6 3. Bb5 Nf6 4.
O-O Nxe4 5. d4 Nd6 6. Bxc6 dxc6 7. dxe5 Nf5 8. Qxd8+ Kxd8 9. Nc3 Be7 10. Rd1+ Ke8 11. h3 Be6 12. Bg5 h5 13. Bxe7 Kxe7 14. Ne2 a5 15. Ned4 Rad8 16. a4 Rd5 17. Nxf5+ Bxf5 18. Rdc1 Be4 19. Ng5 Bf5 20. Nf3 Rhd8 21. Kh2 c5 22. Ra3 b6 23. Re3 Rd1 24. Rxd1 Rxd1 25. Re2 Rc1 26. Ne1 c4 27. f3 Bd7 28. b3 cxb3 29. cxb3 Rb1 30. Re3 Be6 31. f4 Rxb3 32.
Re2 Rb4 33. Rf2 g6 34. Nd3 Rxa4 35. Kg3 Ra3 36. Rf3 Bc4 37. Nb2 Rxf3+ 38. Kxf3 Bd5+ 39. Kf2 b5 40. g4 hxg4 41. hxg4 a4 42. Nd3 a3 43.
Nb4 Ke6 44. Ke3 c5 45. Nc2 a2 46. Kd3 b4 47. f5+ gxf5 48. g5 Kxe5 49. Na1 b3 50. Kc3 f4 0-1

[Event "Late-Titled-Tuesday-Blitz-October-24-2023"]
[Site "Chess.com"]
[Date "2023.10.24"]
[Round "10"]
[White "Zhigalko_Sergei"]
[Black "Cayse"]
[Result "1-0"]
[WhiteElo "2964"]
[BlackElo "2887"]
[TimeControl "180+1"]
[EndTime "15:56:28 PDT"]
[Termination "Zhigalko_Sergei won on time"]

1. e4 e5 2. Nf3 Nc6 3. Bb5 a6 4. Ba4 Nf6 5. O-O Be7 6. Re1 b5 7. Bb3 O-O 8. a4 b4 9. d3 d6 10. Nbd2 Na5 11. Ba2 Rb8 12. Nc4 c5 13. Nxa5 Qxa5 14.
Bg5 h6 15. Bxf6 Bxf6 16. Bd5 Qc7 17. Nd2 g6 18. Nc4 Kh7 19. a5 Bg7 20. Nb6 f5 21. c3 bxc3 22. bxc3 f4 23. f3 g5 24. Rb1 h5 25. Re2 g4 26. Reb2 g3 27. h3 Kh6 28.
Na8 Rxa8 29. Bxa8 Qxa5 30. c4 Qc3 31. Bd5 Bf6 32. Rb8 Qd4+ 33. Kh1 Bxh3 34. Qg1 Rxb8 35.
Rxb8 Qxd3 36. Rf8 Bg7 37. Rd8 Qe2 38. Rxd6+ Kg5 39. Be6 Bxg2+ 40. Qxg2 Qe1+ 41. Qg1 Qe2 42. Qg2 Qe1+ 43. Qg1 Qe2 44. Bh3 Qf2 45. Qxf2 1-0

[Event "Late-Titled-Tuesday-Blitz-October-24-2023"]
[Site "Chess.com"]
[Date "2023.10.24"]
[Round "10"]
[White "sergeikim"]
[Black "Mikhal867"]
[Result "1-0"]
[WhiteElo "2601"]
[BlackElo "2437"]
[TimeControl "180+1"]
[EndTime "15:56:31 PDT"]
[Termination "sergeikim won by resignation"]

1. d4 g6 2. c4 Bg7 3. Nc3 d6 4.
e4 e5 5. Nge2 Nc6 6. Be3 Nf6 7. d5 Ne7 8. Ng3 h5 9. f3 h4 10. Nge2 Nh5 11. Qd2 f5 12. g3 O-O 13.
O-O-O f4 14. gxf4 Nxf4 15. Nxf4 exf4 16. Bxf4 a6 17. Be2 b5 18. Be3 bxc4 19. Bd4 Qe8 20.
Rhg1 Qf7 21. Bxg7 Kxg7 22. Qd4+ Qf6 23. Qxc4 a5 24. Qd4 Ba6 25. Qxf6+ Kxf6 26. f4 Kg7 27. Rdf1 a4 28. Bxa6 Rxa6 29. a3 Kh6 30. Rg4 Kh5 31.
Rfg1 c6 32. dxc6 Rxc6 33. Rg5+ Kh6 34. R1g4 Rc4 35. Rxh4+ Kg7 36. Rhg4 Kf6 37. h4 Rfc8 38. h5 gxh5 39. Rxh5 Rxe4 40. Rh6+ Kf5 41. Rg7 Nd5 42. Rg5+ Kxf4 43. Rxd5 Re1+ 44. Rd1 Rxd1+ 45. Kxd1 d5 46. Rd6 Ke5 47. Rxd5+ Ke6 48. Ra5 Rb8 49. Kc2 Kd6 50. Rxa4 Kc6 51. Rb4 Rh8 52. a4 Kc5 53. Kb3 Rh3 54.
Rb5+ Kc6 55. Rb4 Rh1 56. a5 Ra1 57. Ra4 Rh1 58. a6 1-0

[Event "Late-Titled-Tuesday-Blitz-October-24-2023"]
[Site "Chess.com"]
[Date "2023.10.24"]
[Round "10"]
[White "ejalmedina"]
[Black "randy296"]
[Result "1-0"]
[WhiteElo "2311"]
[BlackElo "2116"]
[TimeControl "180+1"]
[EndTime "15:56:32 PDT"]
[Termination "ejalmedina won by checkmate"]

1. e4 c5 2. Nf3 d6 3. c3 Nf6 4. h3 g6 5. Bd3 c4 6. Bc2 Bg7 7. O-O O-O 8. b3 cxb3 9. axb3 a6 10. d4 Nc6 11. d5 Ne5 12. Nxe5 dxe5 13. c4 Qc7 14. Be3 Nh5 15. c5 Nf4 16. b4 Bd7 17.
Na3 Rad8 18. Ba4 Qc8 19. Bxd7 Qxd7 20. Rb1 f5 21. f3 fxe4 22. fxe4 Nxh3+ 23. gxh3 Qxh3 24. Nc4 Qg3+ 25. Kh1 Qh3+ 26. Kg1 Rxf1+ 27. Qxf1 Qg3+ 28. Qg2 Qh4 29. Rf1 Bh6 30. Bxh6 Qxh6 31. Nxe5 Qe3+ 32.
Qf2 Qxe4 33. Qf7+ Kh8 34. Qe6 Qe3+ 35. Kg2 Qg5+ 36. Ng4 Qd2+ 37. Rf2 Qxd5+ 38. Qxd5 Rxd5 39. Re2 Rd4 40. Nf2 Rxb4 41. Rxe7 Rc4 42. Rxb7 Rxc5 43. Ra7 a5 44. Ne4 Rb5 45. Nf6 Rb8 46. Rxh7# 1-0

[Event "Late-Titled-Tuesday-Blitz-October-24-2023"]
[Site "Chess.com"]
[Date "2023.10.24"]
[Round "10"]
[White "Roedor"]
[Black "Likvidator228"]
[Result "1-0"]
[WhiteElo "2451"]
[BlackElo "2557"]
[TimeControl "180+1"]
[EndTime "15:56:37 PDT"]
[Termination "Roedor won by resignation"]

1. d4 f5 2. Nf3 Nf6 3. g3 g6 4. Bg2 Bg7 5. O-O O-O 6. b3 d6 7. Bb2 Ng4 8. Nbd2 Nc6 9. e4 e5 10. dxe5 Ngxe5 11. Nxe5 Nxe5 12. Rb1 f4 13. Nc4 Nxc4 14.
Qd5+ Rf7 15. bxc4 Bxb2 16. Rxb2 Qf6 17. Rb3 c6 18. Qd3 Bg4 19. f3 Be6 20. Rfb1 b5 21. Qxd6 Bxc4 22. Qxf6 Rxf6 23. Ra3 a5 24. Bf1 Bxf1 25.
Kxf1 fxg3 26. hxg3 Rd6 27. Rd3 Rad8 28. Rxd6 Rxd6 29.
Ke2 Kf7 30. f4 h5 31. e5 Rd4 32. Rd1 Re4+ 33. Kf3 Rc4 34. Rd7+ Kf8 35. Rd2 a4 36. Rg2 b4 37. g4 hxg4+ 38. Kxg4 Kf7 39. Rd2 c5 40.
Rd7+ Kf8 41. Rd2 Rd4 42. Rh2 Kg7 43. Re2 c4 44. Kg5 Kf7 45. Rh2 b3 46. axb3 axb3 47. cxb3 cxb3 48. Rh7+ Ke6 49. Rb7 Rd3 50. Rb6+ Kf7 51.
Rf6+ Kg7 52. Rxg6+ Kf7 53. Rb6 Ke7 54. Kf5 Rh3 55.
Rb7+ Kd8 56. e6 Kc8 57. Rb4 Kd8 58. Kf6 Rh6+ 59. Ke5 Rh3 60. f5 Re3+ 61. Kf6 Kc7 62. Kf7 Kd6 63. f6 Kc5 64. Rb8 Kc6 65. e7 Kc7 66.
Rb4 Kd7 67. Rd4+ Kc6 68. e8=Q+ Rxe8 69. Kxe8 Kc5 70. Rd1 b2 1-0